 Dungeon Crawl Stone Soup version 0.30.0-15-g856e2d3f33 (webtiles) character file.

Game seed: 11746606855212660103

1478 snoop the Digger (level 8, -1/44 HPs)
             Began as a Gargoyle Earth Elementalist on May 19, 2023.
             Slain by a centaur (3 damage)
             ... on level 6 of the Dungeon.
             The game lasted 01:00:40 (5783 turns).

snoop the Digger (Gargoyle Earth Elementalist)      Turns: 5783, Time: 01:00:41

Health: -1/44      AC:  8    Str: 12    XL:     8   Next: 79%
Magic:  10/14      EV: 11    Int: 18    God:
Gold:   336        SH:  0    Dex: 10    Spells: 10/16 levels left

rFire   . . .        t - staff of earth
rCold   . . .        (no shield)
rNeg    + + .        a - +0 robe
rPois   ∞            (no helmet)
rElec   +            A - +0 cloak
rCorr   .            (no gloves)
SInv    .            (no boots)
Will    .....        h - amulet of the acrobat
Stlth   ++           j - ring of positive energy
HPRegen 0.27/turn    (no ring)
MPRegen 0.14/turn

%: acrobat
@: marked
A: sickness immunity, AC +5, negative energy resistance 1, electricity
resistance, torment resistance 1, petrification resistance
a: no special abilities


You were on level 6 of the Dungeon.
You visited 1 branch of the dungeon, and saw 6 of its levels.

You collected 336 gold pieces.

Inventory:

Hand Weapons
 d - a +0 short sword of holy wrath
 z - the +7 short sword of Zin's Whim {freeze, Fragile rC+++ Will+ Str+2}
   (You found it on level 3 of the Dungeon)

   Str:       It affects your strength (+2).
   rC:        It renders you almost immune to cold.
   Fragile:   It will be destroyed if unequipped.
   Will:      It increases your willpower.
 C - a +0 dagger of speed
Armour
 a - a +0 robe (worn)
 e - a scarf of repulsion
 A - a +0 cloak (worn)
Magical Staves
 t - a staff of earth (weapon)
Jewellery
 h - an amulet of the acrobat (around neck)
 j - a ring of positive energy (left hand)
Wands
 E - a wand of flame (20)
Scrolls
 g - a scroll of fog {unknown}
 i - a scroll of magic mapping {unknown}
 k - a scroll of amnesia {unknown}
 l - a scroll of immolation {unknown}
 m - 3 scrolls of teleportation {unknown}
 n - 3 scrolls of identify {unknown}
 q - 3 scrolls of noise {unknown}
 r - a scroll of enchant armour {unknown}
 x - 5 scrolls of enchant weapon {unknown}
 y - a scroll of vulnerability {unknown}
 B - a scroll of poison {unknown}
 D - 3 scrolls of acquirement {unknown}
Potions
 b - a potion of magic
 c - 3 potions of attraction {unknown}
 f - a potion of mutation {unknown}
 o - 2 potions of brilliance {unknown}
 p - a potion of invisibility {unknown}
 s - a potion of cancellation {unknown}
 u - 2 potions of flight {unknown}
 v - a potion of lignification {unknown}
 w - a potion of berserk rage {unknown}


   Skills:
 - Level 2.0 Fighting
 + Level 3.0 Staves
 - Level 1.5 Dodging
 - Level 2.1 Stealth
 + Level 4.6 Spellcasting
 + Level 4.5 Conjurations
 + Level 3.6 Transmutations
 + Level 6.8 Earth Magic
 + Level 2.7 Evocations


You had 10 spell levels left.
You knew the following spells:

 Your Spells              Type           Power      Damage    Failure   Level
a - Sandblast             Erth           86%        2d18      1%          1
b - Passwall              Tmut/Erth      28%        N/A       2%          2
c - Stone Arrow           Conj/Erth      74%        3d11      4%          3

Your spell library contained the following spells:

 Spells                   Type           Power      Damage    Failure   Level
 Static Discharge         Conj/Air       24%        2-3/arc   9%          2
 Dazzling Flash           Conj/Hex       24%        N/A       16%         3
 Petrify                  Tmut/Erth      34%        N/A       16%         4
 Mephitic Cloud           Conj/Pois/Air  9%         N/A       22%         3
 Ignite Poison            Fire/Tmut/Pois 8%         N/A       26%         3
 Vhi's Electric Charge    Tloc/Air       8%         N/A       38%         3
 Animate Dead             Necr           4%         N/A       80%         4
 Arcjolt                  Conj/Air       6%         1d16      83%         5
 Yara's Violent Unravell  Hex/Tmut       5%         3d4       88%         5
 Freezing Cloud           Conj/Ice/Air   4%         6-21      90%         5
 Plasma Beam              Fire/Air       2%         2x1d13    100%        6
 Haunt                    Necr/Summ      2%         N/A       100%        7
 Infestation              Necr           2%         N/A       100%        8
 Cigotuvi's Dreadful Rot  Necr/Pois/Air  Unusable   N/A       N/A         2

Dungeon Overview and Level Annotations

Branches:
Dungeon (6/15)
 Temple: D:4-7

Altars:
Ashenzari
Qazlal
Xom
Zin
The Shining One

Shops:
D:1 [:[   D:4 *

Annotations:
D:4 2 transporters, McKennaii's ghost, novice DgCj
D:6 1 transporter, Majang's ghost, novice GnHu


Innate Abilities, Weirdness & Mutations

You are immune to sickness and miasma.
Your stone body is resilient. (AC +5)
You are immune to poison.
You resist negative energy. (rN+)
You are resistant to electric shocks. (rElec)
You are resistant to unholy torment.
You are immune to petrification.


Message History

The arrow hits you.
Casting: Sandblast (safe; 1% risk of failure)
Confirm with . or Enter, or press ? or * to list all spells.
Aiming: Sandblast (safe; 1% risk of failure)
Press: ? - help, Shift-Dir - straight line, f/p - centaur
Aim: a centaur, wielding a +0 shortbow (91% to hit)
You feel a surge of power!
The blast of sand hits the centaur!
The centaur is moderately wounded.
The centaur shoots an arrow.
The arrow hits you. The hound closely misses you.
The centaur shoots an arrow.
The arrow hits you. The hound closely misses you.
Casting: Sandblast (safe; 1% risk of failure)
Confirm with . or Enter, or press ? or * to list all spells.
Aiming: Sandblast (safe; 1% risk of failure)
Press: ? - help, Shift-Dir - straight line, f/p - centaur
Aim: a centaur, wielding a +0 shortbow (moderately wounded, 91% to hit)
You feel a surge of power!
The blast of sand hits the centaur!
The centaur is severely wounded.
The centaur shoots an arrow.
The arrow hits you. The hound bites you but does no damage.
The centaur shoots an arrow.
The arrow hits you. The hound bites you but does no damage.
The giant cockroach bites you but does no damage.
A centaur comes into view.
Casting: Sandblast (safe; 1% risk of failure)
Confirm with . or Enter, or press ? or * to list all spells.
Aiming: Sandblast (safe; 1% risk of failure)
Press: ? - help, Shift-Dir - straight line, f/p - centaur
Aim: a centaur, wielding a +0 shortbow (severely wounded, 91% to hit)
You feel a surge of power!
The blast of sand hits the giant cockroach!
You kill the giant cockroach!
The hound bites you.
* * * LOW HITPOINT WARNING * * *
The centaur shoots an arrow.
The arrow hits you!
* * * LOW HITPOINT WARNING * * *
The giant cockroach bites you.
* * * LOW HITPOINT WARNING * * *
The hound bites you.
* * * LOW HITPOINT WARNING * * *
The centaur hits you.
You die...

..............©#5=.©#
#...##....##..#W.#..
##...##....##.##.....
#.....).....#.# #.#.
#...........#.# #
#...........#.##
##..<##.....#..###
######.....##...#####
#.....#B@.......
#......ch†.....#
#.....[.........
....##....c...# ####
#.......## #.......#
.........# .#.......#


You could see 2 centaurs, a hound and a giant cockroach.

Vanquished Creatures
  Grinder (D:4)
  Sigmund (D:2)
  The ghost of CaptainMV the Poker, an amateur DsWn (D:3)
  An ice beast (D:6)
  3 ogres
  A phantom (D:5)
  A scorpion (D:4)
  A jelly (D:5)
  2 hounds (D:4)
  An orc priest (D:3)
  Natasha (thrice) (D:4)
  Terence (D:2)
  4 orc wizards
  An iguana (D:5)
  3 gnolls (D:4)
  5 adders
  3 worms
  2 dart slugs (D:2)
  16 orcs
  8 ball pythons
  3 bats
  6 endoplasms
  6 giant cockroaches
  7 goblins
  11 hobgoblins
  3 frilled lizards
  11 kobolds
  6 rats
112 creatures vanquished.

Notes
Turn   | Place    | Note
-------+----------+-------------------------------------------
     0 | D:1      | snoop the Gargoyle Earth Elementalist began the quest for
                  | the Orb.
     0 | D:1      | Reached XP level 1. HP: 10/10 MP: 3/3
    13 | D:1      | Got the Opusculum on Spellbinding and Confrontation
    21 | D:1      | Found Nunlu's Book Shoppe.
    56 | D:1      | Found Pafifouv's Armour Shoppe.
   237 | D:1      | Reached skill level 4 in Earth Magic
   237 | D:1      | Reached XP level 2. HP: 15/15 MP: 3/5
   414 | D:1      | Found Vytwim's Armour Boutique.
  1029 | D:2      | Noticed Sigmund
  1281 | D:2      | Reached XP level 3. HP: 19/19 MP: 2/6
  1378 | D:2      | Reached skill level 1 in Transmutations
  1487 | D:2      | Killed Sigmund
  1488 | D:2      | Reached skill level 5 in Earth Magic
  1488 | D:2      | Reached XP level 4. HP: 11/24 MP: 0/8
  1488 | D:2      | Reached XP level 5. HP: 13/28 MP: 0/9
  1606 | D:2      | Learned a level 2 spell: Passwall
  1610 | D:2      | Learned a level 3 spell: Stone Arrow
  1849 | D:2      | Noticed Terence
  1854 | D:2      | Killed Terence
  1855 | D:2      | Reached XP level 6. HP: 32/32 MP: 4/10
  2623 | D:3      | Found a faded altar of an unknown god.
  2669 | D:3      | Found a runed translucent door.
  2682 | D:3      | Noticed CaptainMV's ghost (amateur DsWn)
  3084 | D:3      | Identified the +7 short sword of Zin's Whim {freeze,
                  | Fragile rC+++ Will+ Str+2}
  3587 | D:4      | Noticed Natasha
  3589 | D:4      | Killed Natasha
  3692 | D:4      | Reached skill level 1 in Staves
  3692 | D:4      | Reached XP level 7. HP: 36/36 MP: 8/12
  3721 | D:4      | Reached skill level 1 in Evocations
  3815 | D:3      | Killed CaptainMV's ghost
  3816 | D:3      | Reached skill level 1 in Fighting
  3816 | D:3      | Reached skill level 6 in Earth Magic
  3944 | D:4      | Found a broken altar of Ashenzari.
  3984 | D:4      | Noticed Natasha
  3987 | D:4      | Killed Natasha
  4046 | D:4      | Found a transporter.
  4049 | D:4      | Found a transporter.
  4049 | D:4      | Noticed McKennaii's ghost (novice DgCj)
  4200 | D:4      | Noticed Grinder
  4204 | D:4      | Paralysed by Grinder for 5 turns
  4209 | D:4      | Killed Grinder
  4210 | D:4      | Reached XP level 8. HP: 41/44 MP: 8/14
  4259 | D:4      | Found a glowing golden altar of the Shining One.
  4324 | D:4      | Found a shimmering altar of Xom.
  4324 | D:4      | Found a stormy altar of Qazlal.
  4448 | D:4      | Noticed Natasha
  4454 | D:4      | Killed Natasha
  4519 | D:4      | Identified the staff of poison "Coowo Buv" {rElec rPois rN+
                  | Int+3}
  4577 | D:4      | Found Zin's Purification Station.
  4581 | D:4      | Found a glowing silver altar of Zin.
  4959 | D:5      | Entered Level 5 of the Dungeon
  5766 | D:6      | Found a transporter.
  5766 | D:6      | Noticed Majang's ghost (novice GnHu)
  5783 | D:6      | HP: 2/44 [hound (2)]
  5783 | D:6      | Slain by a centaur

Illustrated notes

Levels and vault maps discovered:
D:1:      psy_arrival_spokes, layout_loops_ring, serial_shops, shop,
          nicolae_square_shop, shop, minmay_tree_intersection,
          chequers_serial_rivers_marsh, minmay_misc_feat_roman
D:2:      layout_loops_corners, uniq_sigmund, uniq_terence
D:3:      layout_basic, basic_ecumenical_altar, ebering_ghost_sewer_d
D:4:      layout_gridville, mainiacjoe_overflow_24_doors, jmf_multi_god_temple,
          zin_purify, marbit_many_paths, gammafunk_ghost_arena, uniq_grinder,
          uniq_natasha
D:5:      layout_loops_cross
D:6:      layout_gridville, elyvilon_altar_5, cheibrodos_sewer_entry_drain,
          gammafunk_ghost_stat_death

Skill      XL: |  1  2  3  4  5  6  7  8 |
---------------+-------------------------+-----
Earth Magic    | 4 5 6 |  6.8
Transmutations | 2 3 |  3.6
Spellcasting   | 3 4 |  4.6
Conjurations   | 2 3 4 |  4.5
Staves         | 1 2 3 |  3.0
Evocations     | 1 2 |  2.7
Fighting       | 1 2 |  2.0
Dodging        | |  1.5
Stealth        | |  2.1

Action                     |  1- 3 |  4- 6 |  7- 9 || total
---------------------------+-------+-------+-------++-------
  Melee: Dagger            |     7 |       |       ||     7
         Short sword       |    13 |       |       ||    13
         Punch             |     1 |       |     1 ||     2
         Staff             |       |    18 |    61 ||    79
   Cast: Sandblast         |    38 |    63 |    66 ||   167
         Stone Arrow       |       |     2 |       ||     2
   Stab: Sleeping          |       |     2 |     1 ||     3
 Armour: Robe              |     8 |    11 |    45 ||    64
  Dodge: Dodged            |    17 |    28 |    62 ||   107
